DSL
DSL TORONTO BLUE JAYS @ DSL PHILADELPHIA PHILLIES
05/12/2042
 
TOP OF THE 1ST
DSL Toronto Blue Jays batting - Pitching for DSL Philadelphia Phillies : RHP Luis Méndez
Pitching: RHP Luis Méndez
Batting: LHB Sergio Cabrita 0-0: Called Strike
0-1: Ball
1-1: Foul Ball, location: 2RF
1-2: Fly out, F8 (Flyball, 89M, EV 88.1 MPH)
Batting: RHB Bernardo Miranda 0-0: Ball
1-0: Called Strike
1-1: Called Strike
1-2: Foul Ball, location: 2F
1-2: Ball
2-2: SOLO HOME RUN (Flyball, 7D, EV 98.1 MPH), Distance : 375 ft
Batting: RHB Steve Hall 0-0: SOLO HOME RUN (Flyball, 7D, EV 95.6 MPH), Distance : 354 ft
Batting: RHB José Trejo 0-0: DOUBLE (Flyball, 78XD, EV 107.5 MPH)
Batting: RHB Héctor Barocio 0-0: Ball
1-0: Swinging Strike
1-1: Ball
2-1: Ball
3-1: Base on Balls
Batting: RHB Tony Minor 0-0: Ball
1-0: Fly out, F7 (Flyball, 78S, EV 93.8 MPH)
Batting: LHB Luis Hernández 0-0: Ball
1-0: Ball
2-0: Ball
3-0: Called Strike
3-1: Base on Balls
José Trejo to third
Héctor Barocio to second
Batting: RHB Bertrand Ferris 0-0: Called Strike
0-1: Ball
1-1: Ball
2-1: SINGLE (Groundball, 4MD, EV 95.0 MPH)
José Trejo scores
Héctor Barocio to third
Luis Hernández to second
Runner from 3rd tries for Home, SAFE, throw by CF to home
Batting: RHB Greg Huff 0-0: Foul Ball, location: 3SF
0-1: Ground out 4-3 (Groundball, 4, EV 101.9 MPH)
Top of the 1st over - 4 runs, 4 hits, 0 errors, 2 left on base; DSL Toronto 4 - DSL Philadelphia 0
BOTTOM OF THE 1ST
DSL Philadelphia Phillies batting - Pitching for DSL Toronto Blue Jays : RHP Jeff Spivey
Pitching: RHP Jeff Spivey
Batting: RHB Jonathan Taylor 0-0: Called Strike
0-1: Swinging Strike
0-2: Foul Ball, location: 2F
0-2: Ball
1-2: Strikes out swinging
Batting: RHB Juan Alifonso 0-0: Called Strike
0-1: Called Strike
0-2: Strikes out looking
Batting: RHB Ron Parsons 0-0: Ball
1-0: Ball
2-0: Ball
3-0: Base on Balls
Batting: LHB Jorge Elías 0-0: Fly out, F7 (Flyball, 7D, EV 97.5 MPH)
Bottom of the 1st over - 0 runs, 0 hits, 0 errors, 1 left on base; DSL Toronto 4 - DSL Philadelphia 0
TOP OF THE 2ND
DSL Toronto Blue Jays batting - Pitching for DSL Philadelphia Phillies : RHP Luis Méndez
Batting: LHB Sergio Cabrita 0-0: Ball
1-0: Foul Ball, location: 7LMF
1-1: Ball
2-1: Ball
3-1: Base on Balls
Batting: RHB Bernardo Miranda 0-0: Fly out, F9 (Flyball, 9S, EV 91.9 MPH)
Batting: RHB Steve Hall 0-0: Ball
1-0: Swinging Strike
1-1: Called Strike
Sergio Cabrita steals 2nd base
1-2: Foul Ball, location: 2F
1-2: Ground out U3 (Groundball, 13, EV 86.9 MPH)
Sergio Cabrita to third
Batting: RHB José Trejo 0-0: Called Strike
0-1: Foul Ball, location: 5FF
0-2: Ball
1-2: Foul Ball, location: 9LSF
1-2: Ball
2-2: Ball
3-2: Base on Balls
Batting: RHB Héctor Barocio 0-0: Swinging Strike
0-1: Ball
1-1: Ball
2-1: Ball
3-1: Base on Balls
José Trejo to second
Batting: RHB Tony Minor 0-0: Fly out, F9 (Flyball, 89M, EV 92.5 MPH)
Top of the 2nd over - 0 runs, 0 hits, 0 errors, 3 left on base; DSL Toronto 4 - DSL Philadelphia 0
BOTTOM OF THE 2ND
DSL Philadelphia Phillies batting - Pitching for DSL Toronto Blue Jays : RHP Jeff Spivey
Batting: RHB Andy Cartegena 0-0: Ball
1-0: Ball
2-0: Swinging Strike
2-1: Swinging Strike
2-2: Ball
3-2: Base on Balls
Batting: LHB Uolevi Jokela 0-0: Fly out, F9 (Line Drive, 89M, EV 110.0 MPH)
Batting: RHB Ljuba Jevtic 0-0: Called Strike
0-1: Ball
1-1: Called Strike
1-2: DOUBLE (Flyball, 78D, EV 108.1 MPH)
Andy Cartegena to third
Batting: LHB Jim Unknown 0-0: Swinging Strike
0-1: Foul Ball, location: 25FF
0-2: Strikes out swinging
Batting: SHB Jim Unknown 0-0: Ball
1-0: Swinging Strike
1-1: Foul Ball, location: 3DF
1-2: Foul Ball, location: 2F
1-2: Ball
2-2: Strikes out swinging
Bottom of the 2nd over - 0 runs, 1 hit, 0 errors, 2 left on base; DSL Toronto 4 - DSL Philadelphia 0
TOP OF THE 3RD
DSL Toronto Blue Jays batting - Pitching for DSL Philadelphia Phillies : RHP Luis Méndez
Batting: LHB Luis Hernández 0-0: Fly out, F8 (Flyball, 8LXD, EV 93.1 MPH)
Batting: RHB Bertrand Ferris 0-0: Swinging Strike
0-1: Foul Ball, location: 2F
0-2: Ball
1-2: SINGLE (Flyball, 9S, EV 99.4 MPH)
Batting: RHB Greg Huff 0-0: Fly out, F8 (Flyball, 8RD, EV 102.5 MPH)
Batting: LHB Sergio Cabrita 0-0: Ground out U3 (Groundball, 3S, EV 83.8 MPH)
Top of the 3rd over - 0 runs, 1 hit, 0 errors, 1 left on base; DSL Toronto 4 - DSL Philadelphia 0
BOTTOM OF THE 3RD
DSL Philadelphia Phillies batting - Pitching for DSL Toronto Blue Jays : RHP Jeff Spivey
Batting: RHB Jonathan Taylor 0-0: Fly out, F7 (Flyball, 7S, EV 91.9 MPH)
Batting: RHB Juan Alifonso 0-0: Called Strike
0-1: Foul Ball, location: 25F
0-2: Foul Ball, location: 2F
0-2: Ball
1-2: Foul Ball, location: 2F
1-2: Strikes out swinging
Batting: RHB Ron Parsons 0-0: Ball
1-0: Swinging Strike
1-1: Ball
2-1: Ball
3-1: SOLO HOME RUN (Flyball, 7D, EV 98.1 MPH), Distance : 367 ft
Batting: LHB Jorge Elías 0-0: Ball
1-0: Called Strike
1-1: Ball
2-1: Swinging Strike
2-2: Ball
3-2: Strikes out looking
Bottom of the 3rd over - 1 run, 1 hit, 0 errors, 0 left on base; DSL Toronto 4 - DSL Philadelphia 1
TOP OF THE 4TH
DSL Toronto Blue Jays batting - Pitching for DSL Philadelphia Phillies : RHP Luis Méndez
Batting: RHB Bernardo Miranda 0-0: Ball
1-0: Ball
2-0: Ball
3-0: Called Strike
3-1: Foul Ball, location: 7LMF
3-2: Base on Balls
Batting: RHB Steve Hall 0-0: Foul Ball, location: 2F
0-1: 2-RUN HOME RUN (Flyball, 7D, EV 96.3 MPH), Distance : 368 ft
Pitching: RHP José Fajardo
Batting: RHB José Trejo 0-0: Swinging Strike
0-1: Ball
1-1: Ball
2-1: Ball
3-1: Fly out, F5 (Line Drive, 56, EV 70.0 MPH)
Batting: RHB Héctor Barocio 0-0: Ball
1-0: Fly out, F4 (Popup, 4, EV 61.9 MPH)
Batting: RHB Tony Minor 0-0: Ball
1-0: Foul Ball, location: 5FF
1-1: Ball
2-1: DOUBLE (Flyball, 8LXD, EV 102.5 MPH)
Batting: LHB Luis Hernández 0-0: Ball
1-0: Ball
2-0: Ball
3-0: Called Strike
3-1: Foul Ball, location: 2RF
3-2: Base on Balls
Batting: RHB Bertrand Ferris 0-0: Swinging Strike
0-1: Called Strike
0-2: Foul Ball, location: 2F
0-2: Ball
1-2: Ball
2-2: Strikes out swinging
Top of the 4th over - 2 runs, 2 hits, 0 errors, 2 left on base; DSL Toronto 6 - DSL Philadelphia 1
BOTTOM OF THE 4TH
DSL Philadelphia Phillies batting - Pitching for DSL Toronto Blue Jays : RHP Jeff Spivey
Batting: RHB Andy Cartegena 0-0: Ball
1-0: Called Strike
1-1: Foul Ball, location: 9LDF
1-2: Strikes out swinging
Batting: LHB Uolevi Jokela 0-0: Foul Ball, location: 2F
0-1: Swinging Strike
0-2: Strikes out looking
Batting: RHB Ljuba Jevtic 0-0: Called Strike
0-1: Ball
1-1: Foul Ball, location: 9LMF
1-2: Foul Ball, location: 9LDF
1-2: Ground out 3-1 (Groundball, 34, EV 104.4 MPH)
Bottom of the 4th over - 0 runs, 0 hits, 0 errors, 0 left on base; DSL Toronto 6 - DSL Philadelphia 1
TOP OF THE 5TH
DSL Toronto Blue Jays batting - Pitching for DSL Philadelphia Phillies : RHP José Fajardo
Batting: RHB Greg Huff 0-0: Ball
1-0: Called Strike
1-1: Called Strike
1-2: Strikes out looking
Batting: LHB Sergio Cabrita 0-0: Ball
1-0: Foul Ball, location: 5FF
1-1: Foul Ball, location: 2F
1-2: Strikes out swinging
Batting: RHB Bernardo Miranda 0-0: Ball
1-0: Foul Ball, location: 3F
1-1: Foul Ball, location: 3DF
1-2: Ground out 6-3 (Groundball, 6, EV 105.6 MPH)
Top of the 5th over - 0 runs, 0 hits, 0 errors, 0 left on base; DSL Toronto 6 - DSL Philadelphia 1
BOTTOM OF THE 5TH
DSL Philadelphia Phillies batting - Pitching for DSL Toronto Blue Jays : RHP Jeff Spivey
Batting: LHB Jim Unknown 0-0: Called Strike
0-1: Fly out, F8 (Flyball, 78D, EV 102.5 MPH)
Batting: SHB Jim Unknown 0-0: Called Strike
0-1: Foul Ball, location: 2F
0-2: Strikes out looking
Batting: RHB Jonathan Taylor 0-0: Foul Ball, location: 3FF
0-1: Foul Ball, location: 3F
0-2: Strikes out swinging
Bottom of the 5th over - 0 runs, 0 hits, 0 errors, 0 left on base; DSL Toronto 6 - DSL Philadelphia 1
TOP OF THE 6TH
DSL Toronto Blue Jays batting - Pitching for DSL Philadelphia Phillies : RHP José Fajardo
Batting: RHB Steve Hall 0-0: Foul Ball, location: 2F
0-1: Ball
1-1: Called Strike
1-2: Ball
2-2: Strikes out swinging
Batting: RHB José Trejo 0-0: Called Strike
0-1: Foul Ball, location: 5FF
0-2: Strikes out swinging
Batting: RHB Héctor Barocio 0-0: Called Strike
0-1: Foul Ball, location: 7LSF
0-2: SINGLE (Flyball, 56D, EV 99.4 MPH)
Batting: RHB Tony Minor 0-0: Swinging Strike
0-1: Ball
1-1: Ball
2-1: Ball
3-1: Foul Ball, location: 25F
3-2: Strikes out swinging
Top of the 6th over - 0 runs, 1 hit, 0 errors, 1 left on base; DSL Toronto 6 - DSL Philadelphia 1
BOTTOM OF THE 6TH
DSL Philadelphia Phillies batting - Pitching for DSL Toronto Blue Jays : RHP Jeff Spivey
Batting: RHB Juan Alifonso 0-0: Swinging Strike
0-1: Foul Ball, location: 25FF
0-2: Foul Ball, location: 9LSF
0-2: Strikes out swinging
Batting: RHB Ron Parsons 0-0: Ball
1-0: Ball
2-0: Swinging Strike
2-1: Foul Ball, location: 5F
2-2: Foul Ball, location: 9LDF
2-2: Ball
3-2: Strikes out swinging
Batting: LHB Jorge Elías 0-0: Called Strike
0-1: Ball
1-1: Swinging Strike
1-2: Ball
2-2: Strikes out looking
Bottom of the 6th over - 0 runs, 0 hits, 0 errors, 0 left on base; DSL Toronto 6 - DSL Philadelphia 1
TOP OF THE 7TH
DSL Toronto Blue Jays batting - Pitching for DSL Philadelphia Phillies : RHP José Fajardo
Batting: LHB Luis Hernández 0-0: Ball
1-0: Foul Ball, location: 23F
1-1: Ball
2-1: Foul Ball, location: 25F
2-2: Foul Ball, location: 3DF
2-2: Strikes out swinging
Pitching: RHP José Ramírez
Batting: RHB Bertrand Ferris 0-0: Ball
1-0: Ball
2-0: Ball
3-0: Called Strike
3-1: Called Strike
3-2: Strikes out swinging
Batting: RHB Greg Huff 0-0: Called Strike
0-1: Called Strike
0-2: Ball
1-2: Strikes out swinging
Top of the 7th over - 0 runs, 0 hits, 0 errors, 0 left on base; DSL Toronto 6 - DSL Philadelphia 1
BOTTOM OF THE 7TH
DSL Philadelphia Phillies batting - Pitching for DSL Toronto Blue Jays : RHP Jeff Spivey
Pitching: RHP Tomás Gómes
Batting: RHB Andy Cartegena 0-0: Foul Ball, location: 25F
0-1: Ball
1-1: Ball
2-1: Swinging Strike
2-2: Foul Ball, location: 3F
2-2: Strikes out looking
Batting: LHB Uolevi Jokela 0-0: Ball
1-0: Called Strike
1-1: Foul Ball, location: 2F
1-2: Ball
2-2: Strikes out swinging
Batting: RHB Ljuba Jevtic 0-0: Called Strike
0-1: Ball
1-1: Called Strike
1-2: Ball
2-2: Foul Ball, location: 2F
2-2: Strikes out looking
Bottom of the 7th over - 0 runs, 0 hits, 0 errors, 0 left on base; DSL Toronto 6 - DSL Philadelphia 1
TOP OF THE 8TH
DSL Toronto Blue Jays batting - Pitching for DSL Philadelphia Phillies : RHP José Ramírez
Batting: LHB Sergio Cabrita 0-0: Foul Ball, location: 2F
0-1: Ground out 5-3 (Groundball, 56S, EV 85.0 MPH)
Batting: RHB Bernardo Miranda 0-0: Foul Ball, location: 2F
0-1: Ball
1-1: Ball
2-1: Foul Ball, location: 3FF
2-2: SOLO HOME RUN (Flyball, 9LD, EV 91.9 MPH), Distance : 328 ft
Batting: RHB Steve Hall 0-0: Called Strike
0-1: Foul Ball, location: 2F
0-2: Strikes out looking
Batting: RHB José Trejo 0-0: Ball
1-0: Ground out 5-3 (Groundball, 56S, EV 91.9 MPH)
Top of the 8th over - 1 run, 1 hit, 0 errors, 0 left on base; DSL Toronto 7 - DSL Philadelphia 1
BOTTOM OF THE 8TH
DSL Philadelphia Phillies batting - Pitching for DSL Toronto Blue Jays : RHP Tomás Gómes
Batting: LHB Jim Unknown 0-0: Called Strike
0-1: Ball
1-1: Swinging Strike
1-2: Strikes out swinging, 2-3 out at first.
Batting: SHB Jim Unknown 0-0: Swinging Strike
0-1: Foul Ball, location: 25F
0-2: Ball
1-2: Strikes out swinging
Pinch Hitting: LHB Jim Unknown 0-0: DOUBLE (Flyball, 89XD, EV 109.4 MPH)
Batting: RHB Juan Alifonso 0-0: Ball
1-0: Called Strike
1-1: Ball
2-1: Foul Ball, location: 3FF
2-2: Foul Ball, location: 2F
2-2: Ball
3-2: Foul Ball, location: 5F
3-2: Fly out, F7 (Flyball, 78M, EV 90.0 MPH)
Bottom of the 8th over - 0 runs, 1 hit, 0 errors, 1 left on base; DSL Toronto 7 - DSL Philadelphia 1
TOP OF THE 9TH
DSL Toronto Blue Jays batting - Pitching for DSL Philadelphia Phillies : RHP José Ramírez
Now in LF: Jim Unknown
Batting: RHB Héctor Barocio 0-0: Called Strike
0-1: Foul Ball, location: 5F
0-2: Ball
1-2: Strikes out swinging
Batting: RHB Tony Minor 0-0: Foul Ball, location: 7LMFF
0-1: Swinging Strike
0-2: Strikes out swinging
Batting: LHB Luis Hernández 0-0: Hit by Pitch
Batting: RHB Bertrand Ferris 0-0: Called Strike
0-1: Foul Ball, location: 2F
0-2: Strikes out swinging
Top of the 9th over - 0 runs, 0 hits, 0 errors, 1 left on base; DSL Toronto 7 - DSL Philadelphia 1
BOTTOM OF THE 9TH
DSL Philadelphia Phillies batting - Pitching for DSL Toronto Blue Jays : RHP Tomás Gómes
Batting: RHB Ron Parsons 0-0: Ball
1-0: Ball
2-0: Foul Ball, location: 2F
2-1: Swinging Strike
2-2: Foul Ball, location: 3F
2-2: Ball
3-2: Strikes out looking
Pinch Hitting: RHB Jim Unknown 0-0: Foul Ball, location: 2F
0-1: Foul Ball, location: 2F
0-2: Strikes out swinging
Pinch Hitting: RHB Jim Unknown 0-0: Ground out 5-3 (Groundball, 5, EV 80.6 MPH)
Bottom of the 9th over - 0 runs, 0 hits, 0 errors, 0 left on base; DSL Toronto 7 - DSL Philadelphia 1
Monday, May 6th , 2024 - OOTP Baseball 24.10 Build 82